 Dungeon Crawl Stone Soup version 0.28-a0-851-g8b9cc49659 (webtiles) character file.

Game seed: 16408461235473329677

1000 vurker the Gusty (level 7, -1/57 HPs)
             Began as a Demigod Air Elementalist on Nov 14, 2021.
             Slain by a gnoll sergeant (2 damage)
             ... on level 6 of the Dungeon.
             The game lasted 00:06:04 (5883 turns).

vurker the Gusty (Demigod Air Elementalist)         Turns: 5883, Time: 00:06:04

Health: -1/57      AC:  3    Str:  9    XL:     7   Next: 67%
Magic:  14/17      EV: 12    Int: 25    God:
Gold:   141        SH:  0    Dex: 14    Spells: 5/15 levels left

rFire   . . .      SeeInvis .   c - +0 short sword
rCold   . . .      Faith    .   (no shield)
rNeg    . . .      Spirit   .   a - +0 robe
rPois   .          Reflect  .   (no helmet)
rElec   .          Harm     .   (no cloak)
rCorr   .          Rampage  .   (no gloves)
Will    .....                   i - +0 pair of boots
Stlth   ++........              (no amulet)
HPRegen 0.19/turn               (no ring)
MPRegen 0.15/turn               (no ring)

@: lethally poisoned (-1 -> -7), about to teleport
A: high mp 1, forlorn
a: no special abilities


You were on level 6 of the Dungeon.
You visited 1 branch of the dungeon, and saw 6 of its levels.

You collected 278 gold pieces.
You spent 137 gold pieces at shops.

Inventory:

Hand Weapons
 c - a +0 short sword (weapon)
   (You took it off a kobold on level 1 of the Dungeon)
Armour
 a - a +0 robe (worn)
 i - a +0 pair of boots (worn)
   (You found it on level 2 of the Dungeon)
Magical Staves
 j - a staff of poison
   (You found it on level 2 of the Dungeon)
 m - a staff of earth
   (You found it on level 2 of the Dungeon)
Jewellery
 g - a ring of ice
   (You found it on level 4 of the Dungeon)
Wands
 o - a wand of mindburst (5)
   (You found it on level 3 of the Dungeon)
Scrolls
 e - 3 scrolls of teleportation
 h - 4 scrolls of magic mapping {unknown}
 k - 2 scrolls of identify
 p - a scroll of blinking
Potions
 b - 3 potions of curing
 d - a potion of lignification {unknown}
 f - a potion of mutation
 l - a potion of magic {unknown}
 n - 2 potions of ambrosia {unknown}
 q - a potion of haste {unknown}


   Skills:
 + Level 3.2 Fighting
 - Level 1.7 Dodging
 - Level 1.7 Stealth
 * Level 4.8 Spellcasting
 - Level 3.0 Conjurations
 * Level 5.6 Air Magic


You had 5 spell levels left.
You knew the following spells:

 Your Spells              Type           Power      Damage    Failure   Level
a - Shock                 Conj/Air       100%       1d9       1%          1
b - Lightning Bolt        Conj/Air       13%        1d27      36%         5
c - Airstrike             Air            17%        N/A       9%          4

Your spell library contained the following spells:

 Spells                   Type           Power      Damage    Failure   Level
 Static Discharge         Conj/Air       27%        N/A       2%          2
 Swiftness                Air            34%        N/A       2%          3
 Summon Lightning Spire   Summ/Air       20%        N/A       26%         4


Dungeon Overview and Level Annotations

Branches:
Dungeon (6/15)
 Temple: D:4-7

Shops:
D:2 [   D:3 ?


Innate Abilities, Weirdness & Mutations

Your attributes grow dramatically as you level up.
You have an increased reservoir of magic. (+10% MP)
You shall have no god before yourself.


Message History

The gnoll shouts!
Aim: a gnoll, wielding a +0 halberd (77% to hit)
The zap misses the gnoll.
The zap hits the gnoll sergeant.
The zap hits the gnoll!
The gnoll shouts!
The gnoll barely misses you.
Aim: a gnoll, wielding a +0 halberd (77% to hit)
The zap hits the gnoll.
The zap misses the gnoll.
The zap hits the gnoll sergeant.
The zap hits the gnoll!
You kill the gnoll!
The gnoll closely misses you.
Aim: a gnoll, wielding a +0 halberd (moderately wounded, 77% to hit)
The zap hits the gnoll.
The zap hits the gnoll sergeant.
The zap hits the gnoll.
The kobold shouts!
A kobold comes into view. It is wielding a +0 dagger.
The gnoll hits you from afar with a +0 halberd!
Aim: a gnoll, wielding a +0 halberd (heavily wounded, 77% to hit)
The zap hits the gnoll!
You kill the gnoll!
The zap hits the gnoll sergeant.
The zap hits the gnoll.
A kobold comes into view. It is wielding a +0 club.
The kobold throws a stone.
The stone hits you but does no damage.
The zap hits the gnoll sergeant.
The zap misses the gnoll. x2
The gnoll sergeant hits you from afar with a +1 spear of venom.
You are poisoned.
The zap hits the gnoll sergeant.
The zap hits the gnoll.
The zap misses the gnoll.
You feel very sick.
The gnoll sergeant hits you from afar with a +1 spear of venom!
* * * LOW HITPOINT WARNING * * *
You are more poisoned.
* * * LOW HITPOINT WARNING * * *
You feel very sick.
You feel better.
The gnoll sergeant hits you from afar with a +1 spear of venom!
* * * LOW HITPOINT WARNING * * *
You are poisoned.
You feel very sick.
You feel very sick. The gnoll hits you with a +0 flail!
* * * LOW HITPOINT WARNING * * *
Okay, then.
As you read the scroll of teleportation, it crumbles to dust.
You feel strangely unstable.
* * * LOW HITPOINT WARNING * * *
You feel sick. The gnoll hits you with a +0 flail.
* * * LOW HITPOINT WARNING * * *
The gnoll sergeant hits you from afar with a +1 spear of venom.
You die...

.#.##... #####...##
....#..# #...#
#.#.#..# #.#.#
.......#
###.#.#####..
.......#
#............
....##.#
#.#.#g######.
#...##.########.#K#.#
#........)......Kg#.#
..#.............@.gg#
###.#################
..#.# #.#.# #.#.#
#.#.# #.#.#
#.#.###########
..............#


You could see a gnoll sergeant, 2 gnolls and 2 kobolds.

Vanquished Creatures
  A black bear (D:5)
  3 ogres
  2 necrophages
  A phantom (D:5)
  A scorpion (D:5)
  A water moccasin zombie (D:5)
  2 hounds
  A jelly (D:5)
  An iguana (D:4)
  An orc wizard (D:5)
  A hound zombie (D:5)
  A hound skeleton (D:4)
  3 adders
  2 gnolls (D:6)
  A howler monkey skeleton (D:6)
  An adder skeleton (D:4)
  2 worms (D:2)
  5 orcs
  5 endoplasms
  2 giant cockroaches
  4 goblins
  3 hobgoblins
  7 jackals
  4 quokkas
  5 ball pythons
  6 bats
  A frilled lizard (D:1)
  7 kobolds
  A quokka skeleton (D:4)
  6 rats
81 creatures vanquished.

Notes
Turn   | Place    | Note
-------+----------+-------------------------------------------
     0 | D:1      | vurker the Demigod Air Elementalist began the quest for the
                  | Orb.
     0 | D:1      | Reached XP level 1. HP: 14/14 MP: 5/5
   178 | D:1      | Reached skill level 1 in Conjurations
   466 | D:1      | Reached XP level 2. HP: 22/22 MP: 5/7
   702 | D:1      | Reached skill level 3 in Air Magic
  1092 | D:2      | You fall into a shaft and drop 2 floors!
  1348 | D:4      | Reached skill level 1 in Fighting
  1449 | D:4      | Reached XP level 3. HP: 28/28 MP: 2/9
  1452 | D:4      | Noticed an ogre
  1459 | D:4      | Noticed a necrophage
  1526 | D:4      | Killed a necrophage
  1526 | D:4      | Killed an ogre
  1527 | D:4      | Reached XP level 4. HP: 15/36 MP: 0/11
  1527 | D:4      | Reached XP level 5. HP: 17/41 MP: 0/12
  1658 | D:4      | Reached skill level 4 in Air Magic
  2078 | D:2      | Found Hoxibren's Armour Emporium.
  3508 | D:3      | You fall into a shaft and drop 1 floor!
  3688 | D:3      | Found Afuos's Magic Scroll Emporium.
  3698 | D:3      | Bought a scroll of blinking for 82 gold pieces
  3698 | D:3      | Bought a scroll of teleportation for 33 gold pieces
  3698 | D:3      | Bought a scroll of identify for 22 gold pieces
  4055 | D:4      | Reached XP level 6. HP: 27/48 MP: 6/14
  4204 | D:4      | Learned a level 5 spell: Lightning Bolt
  4209 | D:4      | Learned a level 4 spell: Airstrike
  4405 | D:5      | Entered Level 5 of the Dungeon
  4655 | D:5      | Reached XP level 7. HP: 32/56 MP: 10/16
  4900 | D:5      | Reached skill level 5 in Air Magic
  5883 | D:6      | HP: 1/57 [gnoll (4)]
  5883 | D:6      | Slain by a gnoll sergeant

Illustrated notes

Levels and vault maps discovered:
D:1:      dpeg_arrival_fog, layout_loops_ring, chequers_ecumenical_altar_island,
          chequers_jeans, st_stairs_2
D:2:      layout_basic, serial_shops, shop, minmay_fractal_squares_5
D:3:      layout_loops_corners, nicolae_hepliaklqana_hippocampus, serial_shops,
          nicolae_lakefront_shop, minivault_23
D:4:      layout_loops_ring
D:5:      layout_loops_ring
D:6:      layout_loops_ring, chequers_serial_rivers_large_b, uniq_eustachio

Skill      XL: |  1  2  3  4  5  6  7 |
---------------+----------------------+-----
Conjurations   | 1 2 3 |  3.0
Spellcasting   | 2 3 4 |  4.8
Air Magic      | 3 4 5 |  5.6
Fighting       | 1 2 3 |  3.2
Dodging        | |  1.7
Stealth        | |  1.7

Action                   |  1- 3 |  4- 6 |  7- 9 || total
-------------------------+-------+-------+-------++-------
Melee: Unarmed           |     4 |       |       ||     4
       Short sword       |     3 |     8 |     3 ||    14
 Cast: Shock             |    71 |   113 |    32 ||   216
       Airstrike         |       |       |     9 ||     9
  Use: Scroll            |       |     4 |     1 ||     5
       Potion            |       |       |     1 ||     1
Armor: Robe              |     3 |     7 |     4 ||    14
Dodge: Dodged            |    21 |    32 |     2 ||    55

Table legend: (Time is in decaauts)
 A = Elapsed time spent in this place.
 B = Non-inter-level travel time spent in this place.
 C = Inter-level travel time spent in this place.
 D = Time resting spent in this place.
 E = Time spent auto-exploring this place.
 F = Levels seen in this place.
 G = Mean time per level.
                   A        B        C        D        E       F      G
               +--------+--------+--------+--------+--------+-----+--------+
         Total |   5890 |   5662 |    228 |      0 |   4998 |   6 |  981.7 |
       Dungeon |   5890 |   5662 |    228 |      0 |   4998 |   6 |  981.7 |
               +--------+--------+--------+--------+--------+-----+--------+

Top non-repeatable levels by time:
     D:4: 1399 daAuts
     D:5: 1259 daAuts
     D:3: 1054 daAuts
     D:1: 1046 daAuts
     D:2: 912 daAuts
     D:6: 218 daAuts
